[Event "Early-Titled-Tuesday-Blitz-April-16-2024"]
[Site "Chess.com"]
[Date "2024.04.16"]
[Round "5"]
[White "Bastiandash"]
[Black "ferdipy"]
[Result "1-0"]
[WhiteElo "2541"]
[BlackElo "2282"]
[TimeControl "180+1"]
[EndTime "8:56:14 PDT"]
[Termination "Bastiandash won by checkmate"]

1. e4 e6 2. Qe2 d5 3. d3 Nf6 4.
Nd2 Be7 5. Ngf3 dxe4 6. dxe4 Nc6 7. g3 e5 8. Bg2 Bg4 9. c3 Qd7 10. h3 Bh5 11. O-O O-O 12. Nc4 Bd6 13. Rd1 Qe6 14. Nxd6 cxd6 15. Bg5 Bg6 16. Bxf6 Qxf6 17. Rd2 Rfd8 18.
Rad1 Rd7 19. Qe3 Rad8 20. Nh2 Qe6 21. Bf3 Qxa2 22. Bg4 Rc7 23. Rxd6 Rxd6 24. Rxd6 h6 25.
Kg2 Qxb2 26. Bf5 Bxf5 27. exf5 Qa3 28. Rd3 Qe7 29. Ng4 f6 30. Qd2 e4 31. Rd5 Ne5 32.
Nxe5 fxe5 33. Qe3 Rc4 34. Qxa7 Qc7 35. Qa8+ Kh7 36. Rd8 h5 37. Rh8# 1-0

[Event "Early-Titled-Tuesday-Blitz-April-16-2024"]
[Site "Chess.com"]
[Date "2024.04.16"]
[Round "5"]
[White "DanyKopy"]
[Black "Hercog"]
[Result "1/2-1/2"]
[WhiteElo "2528"]
[BlackElo "2132"]
[TimeControl "180+1"]
[EndTime "8:56:16 PDT"]
[Termination "Game drawn by repetition"]

1. Nf3 d5 2. g3 g6 3. Bg2 Bg7 4. O-O c6 5. c4 dxc4 6. a4 a5 7.
Na3 Nf6 8. Nxc4 O-O 9. d4 Na6 10. e3 Nb4 11. Bd2 Bf5 12. Nfe5 Be4 13. Bxb4 axb4 14.
Qb3 Bxg2 15. Kxg2 Nd5 16. Rfd1 Qc7 17. e4 Nf6 18. f3 c5 19. Rac1 cxd4 20. Rxd4 Rad8 21.
Rcd1 Rxd4 22. Rxd4 Qc5 23. Qd3 b5 24. axb5 Qxb5 25.
b3 h6 26. Nd7 Nxd7 27. Rxd7 e6 28. Rd8 Rxd8 29. Qxd8+ Kh7 30. Qc7 Kg8 31. e5 Qd5 32. Qb8+ Bf8 33. Qa7 Qd3 34. Qe3 Qc2+ 35. Kh3 Qf5+ 36.
g4 Qc2 37. Kg3 Qd1 38. h4 Kg7 39. Nd2 Bc5 40. Qxc5 Qxd2 41. Qe7 Qe1+ 42. Kf4 Qd2+ 43. Kg3 Qe1+ 44. Kf4 Qd2+ 45. Kg3 1/2-1/2

[Event "Early-Titled-Tuesday-Blitz-April-16-2024"]
[Site "Chess.com"]
[Date "2024.04.16"]
[Round "5"]
[White "pfalcon1949"]
[Black "kekic76"]
[Result "1-0"]
[WhiteElo "1933"]
[BlackElo "2333"]
[TimeControl "180+1"]
[EndTime "8:56:16 PDT"]
[Termination "pfalcon1949 won on time"]

1. e4 c6 2. d4 d5 3. e5 Bf5 4. h4 h5 5. Bg5 Qb6 6. Bd3 Bxd3 7. Qxd3 e6 8. Nd2 Be7 9. c4 dxc4 10. Nxc4 Qc7 11.
Bxe7 Nxe7 12. Nd6+ Kf8 13. Qf3 Nd5 14. Nh3 Qe7 15.
Ng5 f6 16. exf6 gxf6 17. Nde4 Nd7 18. O-O-O c5 19. Kb1 cxd4 20. Rxd4 Ne5 21. Qg3 Nc6 22.
Nc5 fxg5 23. Rd3 g4 24. f3 Qxc5 25. fxg4 Ke7 26. Re1 Kd7 27. Qf3 Raf8 28. Qe2 Re8 29. gxh5 Ne7 30. g4 Qd6 31. Red1 Rc8 32. g5 Rhf8 33. g6 Nf5 34. Qd2 Rfe8 35. h6 1-0

[Event "Early-Titled-Tuesday-Blitz-April-16-2024"]
[Site "Chess.com"]
[Date "2024.04.16"]
[Round "5"]
[White "shimastream"]
[Black "GMG"]
[Result "1-0"]
[WhiteElo "3046"]
[BlackElo "2818"]
[TimeControl "180+1"]
[EndTime "8:56:18 PDT"]
[Termination "shimastream won on time"]

1. e4 c5 2. d4 cxd4 3. Qxd4 Nc6 4. Qd3 e6 5. Nc3 a6 6. Bf4 b5 7. Qg3 Bb7 8. Bd3 Rc8 9. h4 Nf6 10. h5 d6 11. a3 h6 12. Nge2 Be7 13. f3 Ne5 14. O-O-O Qc7 15. Kb1 Rd8 16. Qxg7 Rg8 17. Qxh6 Rxg2 18. Bxe5 dxe5 19. Rdg1 Rxg1+ 20. Rxg1 Kd7 21.
Qg7 Rf8 22. h6 Ne8 23. Qg3 Rh8 24. Rh1 Bf6 25. h7 Ke7 26. Qg8 Nd6 27. Rh6 Qd8 28. Qg1 Qf8 29. Rh1 Qd8 30. Ng3 Qc7 31. Rh6 Bg7 32. Rh2 Ne8 33. Nf1 Kf8 34. Qa7 Nf6 35. Nd2 Rxh7 36. Rxh7 Nxh7 37. Nb3 Qc8 38. Nc5 Bc6 39.
Nxa6 Ng5 40. Be2 Nh3 41. Bxb5 Bxb5 42. Nxb5 Bf6 43. Nd6 1-0

[Event "Early-Titled-Tuesday-Blitz-April-16-2024"]
[Site "Chess.com"]
[Date "2024.04.16"]
[Round "5"]
[White "Vahe_Danielyan"]
[Black "RobertoJBM"]
[Result "0-1"]
[WhiteElo "2604"]
[BlackElo "2898"]
[TimeControl "180+1"]
[EndTime "8:56:19 PDT"]
[Termination "RobertoJBM won by resignation"]

1. d4 d5 2. c4 c6 3. Nc3 Nf6 4. Nf3 dxc4 5. a4 Bf5 6. e3 e6 7. Bxc4 Bb4 8. O-O O-O 9. Qe2 Ne4 10. Na2 Be7 11. Ne5 h6 12. f3 Nd6 13. Bb3 Nd7 14. e4 Bh7 15. Nxd7 Qxd7 16. Be3 Rfd8 17. Rfd1 Kh8 18.
Rac1 a5 19. Nc3 Rac8 20. Qf2 Bg8 21. Ne2 Ne8 22. Nf4 Nf6 23. Qc2 Qc7 24. Bxe6 Rb8 25.
e5 Nh7 26. Bb3 Qb6 27. Bf2 Bg5 28. g3 Nf8 29. d5 Qb4 30. d6 Bxf4 31. gxf4 Qxf4 32.
Bg3 Qxf3 33. Rd3 Qe4 34. Re1 Qg6 35. Qe2 Ne6 36. Rf1 b5 37. axb5 Rxb5 38. Bc4 Rb4 39. b3 a4 40. Qd2 Rdb8 41. d7 axb3 42. Bxe6 Qxe6 43. d8=Q b2 44. Rf6 b1=Q+ 45. Kg2 Rxd8 46. Rxd8 Rb2 0-1

[Event "Early-Titled-Tuesday-Blitz-April-16-2024"]
[Site "Chess.com"]
[Date "2024.04.16"]
[Round "5"]
[White "Ati1517"]
[Black "BashiqChess"]
[Result "1-0"]
[WhiteElo "2240"]
[BlackElo "2460"]
[TimeControl "180+1"]
[EndTime "8:56:19 PDT"]
[Termination "Ati1517 won on time"]

1. e4 c6 2. d4 d5 3. Nc3 dxe4 4. Nxe4 Nf6 5. Nxf6+ exf6 6. Bc4 Na6 7. Bxa6 Qa5+ 8.
Bd2 Qxa6 9. Qe2+ Qxe2+ 10. Nxe2 Bd6 11. O-O-O O-O 12. Ng3 g6 13. Ne4 Be7 14. Rde1 f5 15.
Ng5 Bxg5 16. Bxg5 Be6 17. Bf6 Rfe8 18. f3 a5 19. a3 h6 20. Re5 Kh7 21. h4 b5 22. Rhe1 a4 23. g4 fxg4 24. fxg4 Reb8 25. Rc5 Bd5 26. Re7 Kg8 27. g5 h5 28. Rc3 Re8 29.
Rce3 Be6 30. R3xe6 fxe6 31. Rg7+ Kf8 32. Rxg6 Ra7 33.
Rh6 Rea8 34. g6 Rg7 35. Bxg7+ Kxg7 36. Rxh5 Kxg6 37. Rc5 Rc8 38. b3 axb3 39. cxb3 Kf6 40. Kc2 Ke7 41. h5 Kd6 42. Kc3 Rg8 43. h6 Rg3+ 44.
Kb4 Rh3 45. Ka5 Rxh6 46. Kb6 Rh4 47. Rxc6+ Kd7 48. Kxb5 Rxd4 49. Rc4 Rd3 50. Rb4 e5 51. a4 Kd6 52. a5 Rd5+ 53. Kb6 1-0

[Event "Early-Titled-Tuesday-Blitz-April-16-2024"]
[Site "Chess.com"]
[Date "2024.04.16"]
[Round "5"]
[White "wild3000"]
[Black "le-castor-faineant"]
[Result "1/2-1/2"]
[WhiteElo "2511"]
[BlackElo "2336"]
[TimeControl "180+1"]
[EndTime "8:56:20 PDT"]
[Termination "Game drawn - insufficient material"]

1. d4 Nf6 2. Nf3 g6 3. e3 Bg7 4. Be2 d6 5. O-O O-O 6. b3 Nbd7 7. Bb2 Re8 8. c4 e5 9. dxe5 dxe5 10. Nxe5 Ne4 11.
f4 Nxe5 12. Qxd8 Rxd8 13. fxe5 Be6 14. Bf3 Nd2 15. Nxd2 Rxd2 16. Bd4 c6 17. Rf2 Rxf2 18.
Kxf2 a6 19. Rd1 Rd8 20. Bc3 Rxd1 21. Bxd1 Bf5 22. h3 h5 23. g4 hxg4 24. hxg4 Bb1 25.
a4 Kf8 26. Ke2 b5 27. axb5 axb5 28. cxb5 cxb5 29. Kd2 Be4 30. Be2 Bc6 31. Bd4 Ke7 32. Kc3 Ke6 33. Kb4 Bxe5 34. Bxe5 Kxe5 35. Kc5 Bd7 36.
Bf3 g5 37. b4 f6 38. Kb6 Kd6 39. Kb7 Be6 40. Kb6 Bd7 41. Be2 Kd5 42. Bxb5 Bxg4 43.
Bc6+ Kd6 44. b5 f5 45. Bg2 f4 46. exf4 gxf4 47. Ka7 f3 48. Bf1 Be6 49. b6 Bd5 50. Ka6 f2 51. Kb5 Ke5 52. Kc5 Bb7 53. Kb4 Kd4 54. Bh3 Ke3 55. Kc5 Ke2 56. Kd6 f1=Q 57.
Bxf1+ Kxf1 58. Kc7 Bh1 59. b7 Bxb7 1/2-1/2

[Event "Early-Titled-Tuesday-Blitz-April-16-2024"]
[Site "Chess.com"]
[Date "2024.04.16"]
[Round "5"]
[White "ansko1999"]
[Black "Ramil_Faizrakhmanov"]
[Result "0-1"]
[WhiteElo "2637"]
[BlackElo "2898"]
[TimeControl "180+1"]
[EndTime "8:56:22 PDT"]
[Termination "Ramil_Faizrakhmanov won on time"]

1. c4 Nf6 2. Nc3 e5 3. Nf3 Nc6 4.
d4 exd4 5. Nxd4 Bb4 6. Nxc6 bxc6 7. Qd3 O-O 8. Bd2 d5 9. a3 Be7 10. cxd5 cxd5 11. g3 d4 12. Ne4 Nxe4 13. Qxe4 Rb8 14. Qc2 Bb7 15. Rg1 c5 16. b4 Rc8 17. bxc5 Bxc5 18. Qb3 Bd5 19. Qd3 Re8 20. Bg2 Bxg2 21. Rxg2 Bb6 22. Rg1 Qd7 23. g4 Rc6 24. Kf1 Rce6 25.
e3 Qd6 26. Rg3 Qc6 27. exd4 Qh1+ 28. Rg1 Qxh2 29. Be3 Qh3+ 30. Rg2 h6 31. Kg1 Re4 32. g5 Rh4 33. Kf1 Bxd4 34. Rd1 Bxe3 35. fxe3 Rxe3 36.
Qd8+ Kh7 37. gxh6 Rf4+ 38. Kg1 Rg3 0-1

[Event "Early-Titled-Tuesday-Blitz-April-16-2024"]
[Site "Chess.com"]
[Date "2024.04.16"]
[Round "5"]
[White "axelfalke"]
[Black "Felix-Rose"]
[Result "1/2-1/2"]
[WhiteElo "2484"]
[BlackElo "2201"]
[TimeControl "180+1"]
[EndTime "8:56:22 PDT"]
[Termination "Game drawn by repetition"]

1. e4 e5 2. Nf3 Nc6 3. Bb5 a6 4.
Ba4 Nf6 5. O-O b5 6. Bb3 Bc5 7. c3 d6 8. d4 Bb6 9. a4 Rb8 10. axb5 axb5 11. Re1 O-O 12. Na3 Bg4 13. Nxb5 exd4 14.
cxd4 Bxf3 15. gxf3 Nh5 16. Be3 Qh4 17. Nc3 Ne7 18. Kh1 Ng6 19. Rg1 Qh3 20. Nd5 c6 21. Nxb6 Rxb6 22. Bc4 Rxb2 23. Bf1 Qh4 24. Rg4 Qf6 25. Qc1 Qxf3+ 26. Bg2 Qxg4 27. Qxb2 Ngf4 28. Rg1 Nh3 29. Bxh3 Qxh3 30. Qe2 g6 31. f4 f5 32. e5 dxe5 33. dxe5 Rd8 34. e6 Re8 35. Bc1 Nf6 36. e7 Ng4 37. Qe6+ Kg7 38. Bb2+ Kh6 39. Rxg4 Qf1+ 40. Rg1 Qf3+ 41. Rg2 Qf1+ 42. Rg1 Qf3+ 43. Rg2 Qf1+ 44. Rg1 1/2-1/2

[Event "Early-Titled-Tuesday-Blitz-April-16-2024"]
[Site "Chess.com"]
[Date "2024.04.16"]
[Round "5"]
[White "dianamirza"]
[Black "Navyblue1"]
[Result "0-1"]
[WhiteElo "1948"]
[BlackElo "2274"]
[TimeControl "180+1"]
[EndTime "8:56:22 PDT"]
[Termination "Navyblue1 won by resignation"]

1. e4 c5 2. Nf3 d6 3. d4 cxd4 4. Nxd4 Nf6 5. Nc3 a6 6. Be3 e5 7. Nf3 Be7 8. Bd3 O-O 9. O-O Nc6 10. Nd5 Be6 11. c4 Bxd5 12. cxd5 Nb4 13. a3 Nxd3 14. Qxd3 Rc8 15. Rac1 Qa5 16. Rxc8 Rxc8 17. Rc1 Rxc1+ 18. Bxc1 Bd8 19. Bd2 Qb5 20. Qxb5 axb5 21. Bb4 Nxe4 22. Nd2 Nxd2 23. Bxd2 f5 24. f3 Bb6+ 25. Kf1 Bc5 26. Ke2 Kf7 27. Kd3 h6 28. h4 h5 29. Bg5 b4 30. a4 Bd4 31. b3 b6 32. Kc4 Bc5 33. Bd8 e4 34. fxe4 fxe4 35. a5 bxa5 36. Bxa5 e3 37. Kd3 Kf6 38. Bd8+ Ke5 39. Bg5 Kxd5 40.
Bxe3 Bxe3 41. Kxe3 Kc5 42. Kf4 d5 43. Kg5 d4 44.
Kxh5 d3 45. g4 d2 46. Kg6 d1=Q 47. g5 Qxb3 48. Kxg7 Qc3+ 49. Kh7 b3 50. g6 Qc2 51. h5 b2 52. h6 b1=Q 53. Kh8 Qcb2+ 54. g7 Qb8+ 55.
g8=Q Qxg8+ 56. Kxg8 Qg6+ 57. Kf8 Qxh6+ 0-1

[Event "Early-Titled-Tuesday-Blitz-April-16-2024"]
[Site "Chess.com"]
[Date "2024.04.16"]
[Round "5"]
[White "arenal72"]
[Black "jcibarra"]
[Result "0-1"]
[WhiteElo "2618"]
[BlackElo "2947"]
[TimeControl "180+1"]
[EndTime "8:56:23 PDT"]
[Termination "jcibarra won on time"]

1. Nf3 d6 2. d4 Nf6 3. g3 g6 4. Bg2 Bg7 5. O-O O-O 6. c4 Bf5 7. Qb3 b6 8. Nc3 Nc6 9. Qd1 Ne4 10. Nxe4 Bxe4 11. Be3 Na5 12. Rc1 c5 13. Ng5 Bxg2 14.
Kxg2 d5 15. cxd5 Qxd5+ 16. Nf3 c4 17. Qc2 b5 18. Rfd1 Nc6 19. b3 Na5 20. bxc4 Nxc4 21. Bf4 f5 22. a4 a6 23. axb5 axb5 24. Kg1 Rfd8 25. Be5 Bh6 26. Ra1 Rac8 27. Qb3 Nb6 28. Qxd5+ Nxd5 29. Rdb1 b4 30. Rb2 Bc1 31. Rb3 Rc2 32.
e3 Rdc8 33. Ne1 Rd2 34. Kg2 Ba3 35. Rab1 Rc3 36. Rxc3 bxc3 37. Rb5 Nxe3+ 38. Kf3 c2 39. Nxc2 Nxc2 40. Rb8+ Kf7 41. Rh8 h5 42. Rh7+ Ke6 43. Kf4 Nxd4 44. Kg5 Nf3+ 45. Kxg6 Nxe5+ 46. Kxh5 Rxf2 47. h4 Rg2 48. Rg7 f4 0-1

[Event "Early-Titled-Tuesday-Blitz-April-16-2024"]
[Site "Chess.com"]
[Date "2024.04.16"]
[Round "5"]
[White "JoliyRoger"]
[Black "NMChessToImpress"]
[Result "1-0"]
[WhiteElo "2424"]
[BlackElo "2242"]
[TimeControl "180+1"]
[EndTime "8:56:24 PDT"]
[Termination "JoliyRoger won by checkmate"]

1. d4 e6 2. c4 Nf6 3. Nc3 d5 4. Nf3 dxc4 5. e4 b5 6. e5 Nd5 7. Nxb5 Nb6 8. Nc3 c5 9. Be3 N8d7 10.
Be2 Bb7 11. O-O Be7 12. Qc2 O-O 13. Rad1 Qc8 14. dxc5 Nxc5 15. Ng5 Bxg5 16. Bxg5 h6 17. Be7 Re8 18. Bd6 Rd8 19. Rd2 Qc6 20. Bf3 Qc8 21. Bxb7 Nxb7 22. Ne4 Nd5 23. Rc1 c3 24. bxc3 Nxd6 25. Nxd6 Qc6 26. c4 Nf4 27. f3 Qc5+ 28.
Kh1 f6 29. Qe4 fxe5 30. Rcd1 Rab8 31. g3 Nd5 32. cxd5 Qxd6 33. h4 Rb4 34. dxe6 Rxe4 35. Rxd6 Rxd6 36. Rxd6 Re1+ 37. Kg2 Re2+ 38. Kf1 e4 39.
Rd8+ Kh7 40. e7 exf3 41. e8=Q Rxe8 42. Rxe8 f2 43. Re2 Kg6 44. Kxf2 Kh5 45. Kf3 g5 46. hxg5 hxg5 47. g4+ Kh4 48. Rh2# 1-0

[Event "Early-Titled-Tuesday-Blitz-April-16-2024"]
[Site "Chess.com"]
[Date "2024.04.16"]
[Round "5"]
[White "Bykov_Egor"]
[Black "Iunusovnuriddin"]
[Result "1-0"]
[WhiteElo "2572"]
[BlackElo "2338"]
[TimeControl "180+1"]
[EndTime "8:56:25 PDT"]
[Termination "Bykov_Egor won by resignation"]

1. e4 e5 2. d4 exd4 3. Qxd4 Nc6 4. Qe3 Nf6 5. Nc3 Bb4 6. Bd2 O-O 7. O-O-O Re8 8. Bc4 d6 9. Qg3 Nxe4 10. Nxe4 Rxe4 11. Bxf7+ Kh8 12. Nf3 Bxd2+ 13. Nxd2 Qf6 14. Nxe4 Qxf7 15. Kb1 Be6 16. b3 h6 17. Rhe1 a5 18. Qh4 Kg8 19.
Rd3 Ne5 20. Rg3 a4 21. Qxh6 Ng4 22. Qg5 axb3 23. axb3 Ne5 24. f4 Nd7 25. Qg6 Qxg6 26. Rxg6 Bf5 27. Rg5 g6 28. g4 Bxe4 29. Rxe4 Kf7 30.
f5 Ne5 31. fxg6+ Kf6 32. Rf5+ Kxg6 33. Rf2 Rh8 34. Kb2 Rh3 35. Ref4 Kg5 36. Rb4 b6 37. Rf5+ Kg6 38. Rh5 Rf3 39. h4 Rf2 40. Rg5+ Kf6 41.
Rf5+ Rxf5 42. gxf5 Kxf5 43. Ra4 Nc6 44. Rc4 1-0

[Event "Early-Titled-Tuesday-Blitz-April-16-2024"]
[Site "Chess.com"]
[Date "2024.04.16"]
[Round "5"]
[White "Polish_fighter3000"]
[Black "Koalaskakistis"]
[Result "1-0"]
[WhiteElo "3154"]
[BlackElo "2574"]
[TimeControl "180+1"]
[EndTime "8:56:26 PDT"]
[Termination "Polish_fighter3000 won on time"]

1. d4 f5 2. h3 d6 3. g4 fxg4 4. Qd3 g3 5. Qxg3 Nf6 6. Bg2 Nc6 7.
Qc3 d5 8. a3 Bf5 9. Bf4 e6 10.
Nd2 Bd6 11. Bxd6 cxd6 12. e3 O-O 13. Qb3 Na5 14. Qa4 b5 15. Qb4 Bxc2 16. Rc1 Bd3 17. Ne2 Nh5 18. Bf3 Rxf3 19. Nxf3 Be4 20. Neg1 Nc4 21. Rh2 a5 22. Qc3 b4 23. axb4 axb4 24.
Qb3 Qf6 25. Nd2 Nxd2 26. Kxd2 Nf4 27. f3 Bg6 28. Qxb4 Nd3 29. Qb7 Rf8 30. Rc7 Qg5 31.
Rxg7+ Kh8 32. Qe7 Qxe7 33. Rxe7 Rb8 34. Rc7 Rxb2+ 35. Rc2 Rb1 36. Ne2 Ne1 37. Rc8+ Kg7 38. Rf2 Nd3 39. Rg2 Rb2+ 40. Kc3 Rb1 41. Rxg6+ hxg6 42. Kxd3 1-0

[Event "Early-Titled-Tuesday-Blitz-April-16-2024"]
[Site "Chess.com"]
[Date "2024.04.16"]
[Round "5"]
[White "DvaHrasta"]
[Black "xasid81"]
[Result "0-1"]
[WhiteElo "2471"]
[BlackElo "2632"]
[TimeControl "180+1"]
[EndTime "8:56:26 PDT"]
[Termination "xasid81 won on time"]

1. c4 c6 2. e4 d5 3. exd5 cxd5 4. cxd5 Nf6 5. Qa4+ Nbd7 6. Bc4 g6 7. d3 Bg7 8. Nc3 O-O 9. Nf3 a6 10. Qa3 Nb6 11.
Qb3 Nxc4 12. dxc4 e6 13. O-O exd5 14. cxd5 b5 15. a4 bxa4 16. Rxa4 Bd7 17. Rb4 a5 18.
Rb7 a4 19. Qb4 Re8 20. Be3 Bc8 21. Bb6 Nxd5 22. Bxd8 Nxb4 23. Rxb4 Rxd8 24. Rxa4 Rb8 25. h3 Rxb2 26. Ne4 Bf5 27. Ng3 Bc2 28. Ra7 h6 29. Re1 Bb3 30. Rb7 Bd5 31. Rxb2 Bxb2 32. Rd1 Bf6 33. Nh2 Bc6 34. Rxd8+ Bxd8 35. Ng4 Kg7 36.
Ne5 Bd5 37. f4 Bb6+ 38. Kf1 Be3 39. Ne2 h5 40. g3 Kf6 41. h4 Kf5 42. Ke1 f6 43. Nd3 Kg4 44. Nb4 Bb7 45. Nc2 Bc5 46. Na1 Kf3 47. Nb3 Bf2+ 0-1

[Event "Early-Titled-Tuesday-Blitz-April-16-2024"]
[Site "Chess.com"]
[Date "2024.04.16"]
[Round "5"]
[White "Iskusnyh"]
[Black "DanylaBagrov"]
[Result "0-1"]
[WhiteElo "2602"]
[BlackElo "2485"]
[TimeControl "180+1"]
[EndTime "8:56:26 PDT"]
[Termination "DanylaBagrov won by resignation"]

1. d4 d6 2. Nf3 f5 3. c4 Nf6 4.
e3 g6 5. Be2 Bg7 6. Nc3 O-O 7.
O-O c6 8. b4 Na6 9. b5 Nc7 10. a4 c5 11. dxc5 Ne4 12. Nxe4 fxe4 13. Nd4 dxc5 14. Nb3 Qxd1 15. Rxd1 Bxa1 16. Nxa1 Be6 17. Nb3 b6 18. Bb2 Rad8 19. Ra1 Ne8 20. Bc3 Nd6 21. Nd2 Rd7 22. Kf1 Nb7 23. Nxe4 Bf5 24.
Nd2 Bd3 25. Ke1 e6 26. Bf3 Nd6 27. Be2 Ne4 28. Nxe4 Bxe4 29. a5 Bxg2 30. axb6 axb6 31. Ra6 Rb7 32. Bg4 Re8 33. h4 Be4 34. Be5 Kf7 35. Kd2 h5 36. Be2 Rd8+ 37. Kc3 Ke7 38. f3 Bf5 39. e4 Bh3 40. Ra1 Rf8 41. Rg1 Ra7 42. Rg3 Ra2 43. Bd3 Bg2 44. Rxg6 Rxf3 45. Rg7+ Kf8 46. Rd7 Bf1 47. Bc7 Bxd3 0-1

[Event "Early-Titled-Tuesday-Blitz-April-16-2024"]
[Site "Chess.com"]
[Date "2024.04.16"]
[Round "5"]
[White "santosalberto1987"]
[Black "AlexPapasimakopoulos"]
[Result "1-0"]
[WhiteElo "2570"]
[BlackElo "2709"]
[TimeControl "180+1"]
[EndTime "8:56:27 PDT"]
[Termination "santosalberto1987 won by resignation"]

1. e4 e6 2. d4 d5 3. Nc3 Bb4 4. e5 c5 5. a3 Bxc3+ 6. bxc3 Nc6 7. Nf3 Bd7 8. a4 Qa5 9. Qd2 cxd4 10. cxd4 Qxd2+ 11. Bxd2 Nge7 12. Bd3 f6 13. exf6 gxf6 14. O-O Kf7 15. a5 Rag8 16. Rfe1 Rg4 17. c3 Rhg8 18. g3 Bc8 19. h3 R4g7 20. Bh6 Rg6 21. Bxg6+ hxg6 22. Bd2 g5 23. Kg2 Nf5 24. Nh2 Nd6 25. Ng4 Rh8 26.
Bc1 Ne4 27. Bb2 Kg6 28. c4 Rd8 29. Red1 f5 30. Ne5+ Kf6 31. f3 Nd6 32. cxd5 exd5 33. Rdc1 Bd7 34. a6 Ke6 35. axb7 Nxe5 36. dxe5 Nc4 37.
Rxa7 Rb8 38. Bd4 Bc6 39. Rb1 f4 40. Ra6 Kd7 41. e6+ Kc7 42. Rb4 Bxb7 43. Ra7 Kc6 44.
Bf6 Ne3+ 45. Kg1 Nf5 46. Bxg5 Nxg3 47. Bxf4 Ne2+ 48. Kf2 Nxf4 49. Rxf4 Re8 50. Rf7 Bc8 51. e7 d4 52. Rf8 Bd7 53. Rxe8 Bxe8 54. Ke2 Kd5 55.
h4 Ke5 56. Kd2 Bg6 57. Ra8 1-0

[Event "Early-Titled-Tuesday-Blitz-April-16-2024"]
[Site "Chess.com"]
[Date "2024.04.16"]
[Round "5"]
[White "Korchmar_Vasiliy"]
[Black "AnishOnYoutube"]
[Result "0-1"]
[WhiteElo "2708"]
[BlackElo "3043"]
[TimeControl "180+1"]
[EndTime "8:56:28 PDT"]
[Termination "AnishOnYoutube won on time"]

1. e4 c5 2. d4 cxd4 3. Qxd4 Nc6 4. Qd3 g6 5. Nc3 Bg7 6. Nf3 Nf6 7. Be2 O-O 8. O-O d6 9. Nd5 Nd7 10. c3 b6 11. Bg5 Bb7 12. Rad1 h6 13. Bh4 g5 14. Bg3 Nde5 15. Nxe5 dxe5 16. Qb1 e6 17. Ne3 Qc7 18. h4 Ne7 19. hxg5 hxg5 20. Nc4 Rab8 21. Qc1 Bxe4 22. Qxg5 f6 23. Qh5 Bg6 24. Qh3 Nf5 25. Bh2 Rbd8 26.
Ne3 Qf7 27. Bc4 Rfe8 28. a4 Nd6 29. Ba2 f5 30. Rxd6 Rxd6 31. Nc4 Rd5 32. Re1 f4 33. g3 Red8 34. Bb3 f3 35. g4 e4 36. Ne3 Rd2 37.
g5 Re8 38. Nc4 Re2 39. Rd1 Bf5 40. Qh4 Qg6 41. Bf4 Qh7 42. Qxh7+ Kxh7 43. Rd7 Kg6 44. Ne3 Rh8 0-1

[Event "Early-Titled-Tuesday-Blitz-April-16-2024"]
[Site "Chess.com"]
[Date "2024.04.16"]
[Round "5"]
[White "only_strong_moves"]
[Black "Iball95"]
[Result "1/2-1/2"]
[WhiteElo "2644"]
[BlackElo "2889"]
[TimeControl "180+1"]
[EndTime "8:56:29 PDT"]
[Termination "Game drawn by repetition"]

1. d4 d5 2. c4 e6 3. Nf3 Nf6 4. Nc3 c5 5. cxd5 cxd4 6. Qxd4 Nxd5 7. Nxd5 exd5 8. Bg5 f6 9. Bd2 Nc6 10. Qd3 Qb6 11. Qxd5 Qxb2 12. Qe4+ Be7 13. Rb1 Qxa2 14. e3 f5 15. Qd3 Be6 16. Rxb7 O-O 17. Qa6 Rab8 18.
Qxa2 Bxa2 19. Rxb8 Rxb8 20. Bd3 g6 21. Ke2 a5 22. Ra1 Bd5 23. Bxa5 Rb2+ 24. Nd2 Nxa5 25. Rxa5 Rxd2+ 26. Kxd2 Bb4+ 27. Ke2 Bxa5 28. f3 Kg7 29. h3 Kf6 30. g4 Be6 31. Kf2 h6 32. Kg3 Bc7+ 33. f4 Bb6 34. Kf3 Bd5+ 35. e4 Bc6 36. h4 Ke6 37. h5 fxe4+ 38. Bxe4 g5 39. Bxc6 gxf4 40. Kxf4 Kf6 41. Be4 Ba5 42. Bf5 Bd2+ 43.
Kf3 Bg5 44. Kg3 Ke5 45. Kf3 Kf6 46. Kg3 Ke5 47. Kf3 Kf6 1/2-1/2

[Event "Early-Titled-Tuesday-Blitz-April-16-2024"]
[Site "Chess.com"]
[Date "2024.04.16"]
[Round "5"]
[White "Andrei_Skvortsov"]
[Black "andong36"]
[Result "1-0"]
[WhiteElo "2654"]
[BlackElo "2456"]
[TimeControl "180+1"]
[EndTime "8:56:29 PDT"]
[Termination "Andrei_Skvortsov won on time"]

1. e4 d5 2. exd5 Nf6 3. Bb5+ Bd7 4. Be2 Nxd5 5. d4 Bf5 6. Nf3 e6 7. O-O Be7 8. a3 O-O 9. c4 Nf6 10. h3 Nbd7 11. Nc3 c5 12. Be3 Rc8 13. dxc5 Nxc5 14. b4 Nce4 15. Nxe4 Nxe4 16. Bd4 Bf6 17. Rc1 Bxd4 18.
Nxd4 Bg6 19. Bf3 b6 20. Re1 Ng5 21. Bg4 Qc7 22. Nb5 Qb8 23. Qd6 Qxd6 24. Nxd6 Rc6 25. h4 Rxd6 26. hxg5 Rc8 27. Bf3 Kf8 28. c5 bxc5 29.
bxc5 Rd7 30. Re3 Rdc7 31. Rec3 f6 32. gxf6 gxf6 33. Be2 Be4 34. Re3 Bd5 35. Rec3 Ke7 36. g3 h5 37. Kh2 Rh8 38. Kh3 f5 39. Kh4 Kf6 40. Rb1 e5 41. Rb4 f4 42. gxf4 exf4 43.
Rxf4+ Ke5 44. Rb4 Rf7 45. Re3+ 1-0

[Event "Early-Titled-Tuesday-Blitz-April-16-2024"]
[Site "Chess.com"]
[Date "2024.04.16"]
[Round "5"]
[White "GMSrinath"]
[Black "Likvidator228"]
[Result "1-0"]
[WhiteElo "2815"]
[BlackElo "2558"]
[TimeControl "180+1"]
[EndTime "8:56:30 PDT"]
[Termination "GMSrinath won on time"]

1. e4 c5 2. Nf3 g6 3. d4 cxd4 4.
Nxd4 Bg7 5. c4 Nc6 6. Be3 Qb6 7. Nb3 Qd8 8. Qd2 Nf6 9. f3 d6 10.
Nc3 Be6 11. Be2 a6 12. O-O O-O 13. Rac1 Rc8 14. Rfd1 Ne5 15. Nd5 Bxd5 16. cxd5 Ned7 17.
Qb4 Rxc1 18. Rxc1 Qb8 19. Qc4 Rd8 20. Na5 Ne8 21. Qb3 Nc5 22. Bxc5 dxc5 23. Nxb7 Bd4+ 24. Kh1 Rc8 25. g3 Qa7 26. Na5 Rb8 27. Qa4 Bxb2 28.
Nc6 Qd7 29. Rb1 Rb4 30. Qc2 Bf6 31. Nxb4 cxb4 32. Qc6 Qd8 33. f4 Bc3 34. Bxa6 Nd6 35. a3 Nxe4 36. axb4 Nf6 37. Qxc3 Qxd5+ 38. Kg1 Qd6 39.
Bd3 Kg7 40. Re1 Qb6+ 41. Kg2 Qb7+ 42. Be4 1-0

[Event "Early-Titled-Tuesday-Blitz-April-16-2024"]
[Site "Chess.com"]
[Date "2024.04.16"]
[Round "5"]
[White "bubeliang"]
[Black "Lion-Al-Messi"]
[Result "1-0"]
[WhiteElo "2780"]
[BlackElo "2578"]
[TimeControl "180+1"]
[EndTime "8:56:31 PDT"]
[Termination "bubeliang won by resignation"]

1. d4 Nf6 2. Nc3 d5 3. Bf4 a6 4. e3 e6 5. Nf3 Bd6 6. Ne5 c5 7. dxc5 Bxc5 8. Bd3 Nc6 9. O-O Bd7 10. e4 d4 11. Ne2 O-O 12. Ng3 Qe7 13. Nxc6 Bxc6 14. e5 Nd5 15. Bd2 Nb4 16. Bxb4 Bxb4 17. Qh5 g6 18.
Qg4 Rad8 19. Be4 Bd2 20. f4 Be3+ 21. Kh1 Qc5 22. Qg5 f5 23. Bxc6 Qxc6 24. Nh5 Qc7 25.
Nf6+ Kh8 26. Rf3 Qxe5 27. Nxh7 Qg7 28. Nxf8 Rxf8 29. Rd1 e5 30. Qh4+ Qh7 31. Qxh7+ Kxh7 32. fxe5 Re8 33. c3 Rxe5 34. cxd4 Bxd4 35. b3 f4 36. Rxf4 Be3 37. Rf7+ Kh6 38. Rxb7 a5 39. g3 Rf5 40.
Re7 Bc5 41. Re2 Bb4 42. Kg2 Kg7 43. Rd4 Rc5 44. Rg4 Rc6 45. h4 Kh6 46. Kh3 Rc1 47. Re6 Bc3 48. Rgxg6+ Kh7 49. Rc6 Ra1 50. Rgd6 Bb4 51.
Rd7+ Kg8 52. Rc8+ Bf8 53. Rdd8 Rf1 54. Rxf8+ Rxf8 55. Rxf8+ Kxf8 56. a4 1-0

[Event "Early-Titled-Tuesday-Blitz-April-16-2024"]
[Site "Chess.com"]
[Date "2024.04.16"]
[Round "5"]
[White "VD_coach"]
[Black "AsselLesbekova"]
[Result "0-1"]
[WhiteElo "2633"]
[BlackElo "2422"]
[TimeControl "180+1"]
[EndTime "8:56:31 PDT"]
[Termination "AsselLesbekova won by resignation"]

1. Nf3 d5 2. d4 e6 3. c4 a6 4. cxd5 exd5 5. Nc3 c6 6. Bf4 Bd6 7. e3 Nf6 8. Bd3 O-O 9. O-O Be6 10. Qc2 Re8 11. Ne5 Qc7 12. e4 dxe4 13. Nxe4 Nxe4 14. Bxe4 g6 15. Rfe1 Nd7 16. Bf3 Nxe5 17. Bxe5 Bxe5 18. Rxe5 Rad8 19. Qc3 Qd7 20. Rd1 Bg4 21. h3 Bxf3 22. Rxe8+ Rxe8 23. Qxf3 Qe6 24. d5 cxd5 25. Qxd5 Qxd5 26.
Rxd5 Re1+ 27. Kh2 Re2 28. b4 Rxa2 29. b5 Rxf2 30. bxa6 bxa6 31. Rd6 a5 32. Ra6 Ra2 33. Kg3 Kf8 34. Ra7 a4 35. Kf4 a3 36. g4 Kg7 37. Kg5 Ra1 38. Kh4 a2 39. g5 h6 40.
gxh6+ Kxh6 41. Ra6 f6 42. Ra3 g5+ 0-1